 Dungeon Crawl Stone Soup version 0.29.1 (webtiles) character file.

Game seed: 179315139695854014

18 xian the Insei (level 2, 0/20 HPs)
             Began as a Vampire Transmuter on Sept 13, 2022.
             Slain by a jackal (2 damage)
             ... on level 1 of the Dungeon.
             The game lasted 00:01:11 (302 turns).

xian the Insei (Vampire Transmuter)                  Turns: 302, Time: 00:01:12

Health: 0/20       AC:  2    Str:  9    XL:     2   Next: 48%
Magic:  4/5        EV: 12    Int: 15    God:
Gold:   48         SH:  0    Dex: 14    Spells: 4/5 levels left

rFire   . . .      SeeInvis +     - Unarmed
rCold   . . .      Faith    .   (no shield)
rNeg    . . .      Spirit   .   a - +0 robe
rPois   .          Reflect  .   (helmet currently unavailable)
rElec   .          Harm     .   (no cloak)
rCorr   .          Rampage  .   (no gloves)
Will    .....                   (boots currently unavailable)
Stlth   +.........              (no amulet)
HPRegen 0.26/turn               (no ring)
MPRegen 0.09/turn               (no ring)

@: appendages (expiring), healing quickly
A: horns 2, talons 2, alive, fangs 3, see invisible, vampiric 1
a: Exsanguinate, End Transformation


You were on level 1 of the Dungeon.
You had temporarily grown beastly horns and talons.
You visited 1 branch of the dungeon, and saw 1 of its levels.

You collected 48 gold pieces.

Inventory:

Armour
 a - a +0 robe (worn)
Scrolls
 c - a scroll of noise {unknown}
Potions
 b - a potion of lignification
 d - 2 potions of brilliance {unknown}
 e - a potion of mutation {unknown}


   Skills:
 + Level 0.8 Fighting
 + Level 2.3 Dodging
 + Level 3.9 Unarmed Combat
 + Level 2.2 Spellcasting
 + Level 2.3 Transmutations


You had 4 spell levels left.
You knew the following spells:

 Your Spells              Type           Power      Damage    Failure   Level
a - Beastly Appendage     Tmut           16%        N/A       9%          1

Your spell library contained the following spells:

 Spells                   Type           Power      Damage    Failure   Level
 Wereblood                Tmut           8%         N/A       12%         2
 Spider Form              Tmut/Pois      5%         N/A       38%         3
 Ice Form                 Ice/Tmut       5%         N/A       80%         4


Dungeon Overview and Level Annotations

Branches:
Dungeon (1/15)

Altars:


Innate Abilities, Weirdness & Mutations

You have temporarily grown beastly horns and talons.
Your natural rate of healing is accelerated.
You have razor-sharp teeth.
You have supernaturally acute eyesight. (SInv)
You are afflicted with vampirism.


Message History

The jackal barks!
A jackal comes into view.
A ball python comes into view.
The jackal barks!
The ball python hisses angrily.
The ball python moves out of view.
You hear a shout!
Found a knobbly jewelled staff.
You grow a pair of large bovine horns.
Your feet morph into talons.
The jackal bites you.
You closely miss the jackal. You claw the jackal, but do no damage.
Your bite misses the jackal. The jackal barely misses you.
A kobold comes into view. It is wielding a +0 dagger.
The jackal closely misses you. The jackal bites you.
You hit the jackal. Your kick misses the jackal.
The jackal is moderately wounded.
The jackal bites you. x2
You closely miss the jackal. You headbutt the jackal.
The jackal is almost dead.
The jackal bites you. x2; The jackal barely misses you.
You barely miss the jackal. Your kick misses the jackal.
Your bite misses the jackal.
The jackal is almost dead.
The jackal bites you. The ball python bites you. The ball python grabs you.
The ball python constricts you. The jackal barely misses you.
The jackal bites you.
* * * LOW HITPOINT WARNING * * *
You escape the ball python's grasp.
The jackal attacks as you move away! The jackal bites you.
* * * LOW HITPOINT WARNING * * *
The jackal bites you.
* * * LOW HITPOINT WARNING * * *
The jackal attacks as you move away! The jackal closely misses you.
You hit the jackal.
You kill the jackal!
You hit the ball python.
You kill the ball python!
You hit the jackal but do no damage. Your headbutt misses the jackal.
Your transformation is almost over.
The jackal bites you.
You die...

### ## .. .. ####. .#
.....# .# #...###.# .#
#..Kh@.# ..### #...####
.....
..|...#....#####.....
#######............
#....#.###.....
##.#.##.#.###.####
#.....†)......########
#..........#.........####
#..........#.........)..#


You could see a jackal and a kobold.

Vanquished Creatures
  A dart slug (D:1)
  A ball python (D:1)
  A bat (D:1)
  2 endoplasms (D:1)
  2 hobgoblins (D:1)
  2 jackals (D:1)
  A kobold (D:1)
  A frilled lizard (D:1)
  2 goblins (D:1)
13 creatures vanquished.

Notes
Turn   | Place    | Note
-------+----------+-------------------------------------------
     0 | D:1      | xian the Vampire Transmuter began the quest for the Orb.
     0 | D:1      | Reached XP level 1. HP: 14/14 MP: 3/3
   189 | D:1      | Reached XP level 2. HP: 8/20 MP: 3/5
   298 | D:1      | HP: 1/20 [jackal (1)]
   302 | D:1      | Slain by a jackal

Illustrated notes

Levels and vault maps discovered:
D:1:      eino_arrival_tree_alley, layout_basic

Action                   || total
-------------------------++-------
Melee: Unarmed           ||    37
       Kick              ||     9
       Headbutt          ||     5
       Punch             ||     2
 Cast: Beastly Appendage ||     5
Armor: Robe              ||     8
Dodge: Dodged            ||    30
